 Dungeon Crawl Stone Soup version 0.32-a0-42-ga30500b4d3 (webtiles) character file.

Game seed: 4926953778311669617

317 pokeman the Magician (level 6, -8/34 HPs)
             Began as a Deep Elf Hedge Wizard on Jan 27, 2024.
             Splashed by a jelly's acid (11 damage)
             ... in a sewer.
             The game lasted 00:04:06 (2280 turns).

pokeman the Magician (Deep Elf Hedge Wizard)        Turns: 2280, Time: 00:04:07

Health: -8/34      AC: -5    Str:  7    XL:     6   Next: 20%
Magic:  1/17       EV: 13    Int: 29    God:
Gold:   133        SH:  0    Dex: 16    Spells: 10/18 levels left

rFire   + . .        n - +7 spear of Disembowelment {flame, rPois rF+ Int+2 Dex+2}
rCold   . . .        (no shield)
rNeg    + . .        b - +0 robe
rPois   +            c - +0 hat
rElec   .            (no cloak)
rCorr   .            (no gloves)
SInv    .            (no boots)
Will    .....        (no amulet)
Stlth   ++           e - +6 ring of intelligence
HPRegen 0.25/turn    h - ring of positive energy
MPRegen 0.15/turn

%: no passive effects
@: corroded, very slightly contaminated
A: no striking features
a: no special abilities


You were in a sewer.
You visited 1 branch of the dungeon, and saw 3 of its levels.
You also visited: Sewer.

You collected 133 gold pieces.

Inventory:

Hand Weapons
 n - the +7 spear of Disembowelment (weapon) {flame, rPois rF+ Int+2 Dex+2}
   (You found it on level 2 of the Dungeon)

   Int+2:     It affects your intelligence (+2).
   Dex+2:     It affects your dexterity (+2).
   rF+:       It protects you from fire.
   rPois:     It protects you from poison
Armour
 b - a +0 robe (worn)
 c - a +0 hat (worn)
Jewellery
 e - a +6 ring of intelligence (left hand)
 h - a ring of positive energy (right hand)
Scrolls
 g - a scroll of amnesia {unknown}
 i - 6 scrolls of identify {unknown}
 j - a scroll of vulnerability {unknown}
 k - a scroll of noise {unknown}
 l - 2 scrolls of fog {unknown}
Potions
 a - a potion of degeneration {unknown}
 d - a potion of magic
 f - 2 potions of enlightenment {unknown}
 m - 2 potions of curing {unknown}


   Skills:
 - Level 1.1 Fighting
 - Level 1.1 Armour
 + Level 3.5 Dodging
 - Level 3.0 Stealth
 * Level 6.8 Spellcasting
 + Level 3.1 Conjurations
 - Level 1.1 Summonings
 - Level 1.1 Translocations
 + Level 1.3 Air Magic


You had 10 spell levels left.
You knew the following spells:

 Your Spells              Type           Power      Damage    Failure   Level
a - Magic Dart            Conj           100%       1d8       1%          1
b - Mephitic Cloud        Conj/Alch/Air  18%        N/A       9%          3
c - Call Imp              Summ           32%        N/A       4%          2
d - Blink                 Tloc           32%        N/A       4%          2

Your spell library contained the following spells:

 Spells                   Type           Power      Damage    Failure   Level
 Slow                     Hex            36%        N/A       5%          1
 Cigotuvi's Dreadful Rot  Necr/Alch/Air  24%        N/A       6%          2


Dungeon Overview and Level Annotations

Branches:
Dungeon (3/15)              Sewer (1/1)

Altars:


Message History

Press: ? - help, Dir - move target, f - jelly
Aim: a jelly (about 9% to evade the +7 spear of Disembowelment)
The kobold is in the way.
You barely miss the kobold. The kobold completely misses you.
Unknown command.
Reach: n) +7 spear of Disembowelment {flame, rPois rF+ Int+2 Dex+2}
Press: ? - help, Dir - move target, f/p - jelly
Aim: a jelly (about 9% to evade the +7 spear of Disembowelment)
The kobold is in the way.
You hit the kobold. You burn the kobold.
You kill the kobold!
Unknown command.
Casting: Mephitic Cloud (dangerous; 9% risk of failure)
Confirm with . or Enter, or press ? or * to list all spells.
Aiming: Magic Dart (safe; 1% risk of failure)
Press: ? - help, Shift-Dir - straight line, f/p - jelly
Aim: a jelly (100% to hit)
The magic dart hits the jelly!
The jelly is moderately wounded.
The jelly closely misses you.
Unknown command.
Casting: Magic Dart (safe; 1% risk of failure)
Confirm with . or Enter, or press ? or * to list all spells.
Aiming: Magic Dart (safe; 1% risk of failure)
Press: ? - help, Shift-Dir - straight line, f/p - jelly
Aim: a jelly (moderately wounded, 100% to hit)
The magic dart hits the jelly.
The jelly is heavily wounded.
The jelly hits you. The acid corrodes you!
You are splashed with acid!
* * * LOW HITPOINT WARNING * * *
Casting: Magic Dart (safe; 1% risk of failure)
Confirm with . or Enter, or press ? or * to list all spells.
Aiming: Magic Dart (safe; 1% risk of failure)
Press: ? - help, Shift-Dir - straight line, f/p - jelly
Aim: a jelly (heavily wounded, 100% to hit)
The magic dart hits the jelly!
The jelly is almost dead.
The jelly hits you.
* * * LOW HITPOINT WARNING * * *
You are splashed with acid!
You die...

#.~≈~.#
###.~≈~.#
.'.~≈~.+
#.~≈~.#
#.~≈~.####
+..∩....∩#
#.~≈~.####
####.~≈~)###
#.@JK~≈~.'.!
####.~≈~.###
#.~≈~.#
'.~≈~.+
##.~≈~.#
#.~≈~.#
'.~≈~.+
#######


You could see a jelly and a kobold.

Vanquished Creatures
  Pargi (Sewer)
  A brain worm (Sewer)
  Natasha (thrice) (D:2)
  2 adders (D:2)
  4 dart slugs
  2 ribbon worms (D:2)
  3 bats
  5 endoplasms
  4 giant cockroaches (D:3)
  3 hobgoblins (D:1)
  2 jackals (D:1)
  4 quokkas
  9 ball pythons
  2 frilled lizards
  5 goblins
  3 kobolds
  5 rats
58 creatures vanquished.

Notes
Turn   | Place    | Note
-------+----------+-------------------------------------------
     0 | D:1      | pokeman the Deep Elf Hedge Wizard began the quest for the
                  | Orb.
     0 | D:1      | Reached XP level 1. HP: 10/10 MP: 7/7
   253 | D:1      | Reached XP level 2. HP: 15/15 MP: 2/9
   629 | D:1      | Reached skill level 5 in Spellcasting
   722 | D:1      | Reached XP level 3. HP: 20/20 MP: 8/11
   733 | D:1      | Learned a level 3 spell: Mephitic Cloud
   736 | D:1      | Learned a level 2 spell: Call Imp
   739 | D:1      | Learned a level 2 spell: Blink
  1149 | D:2      | Reached skill level 1 in Armour
  1152 | D:2      | Noticed Natasha
  1161 | D:2      | Killed Natasha
  1162 | D:2      | Reached skill level 1 in Fighting
  1162 | D:2      | Reached XP level 4. HP: 7/25 MP: 3/13
  1333 | D:2      | Found a faded altar of an unknown god.
  1352 | D:2      | Noticed Natasha
  1359 | D:2      | Killed Natasha
  1425 | D:2      | Noticed Natasha
  1431 | D:2      | Killed Natasha
  1459 | D:2      | Reached skill level 6 in Spellcasting
  1580 | D:2      | Reached XP level 5. HP: 29/29 MP: 13/15
  1803 | D:2      | Identified the +7 spear of Disembowelment {flame, rPois rF+
                  | Int+2 Dex+2}
  2168 | D:3      | Found a glowing drain.
  2255 | Sewer    | Entered a sewer
  2265 | Sewer    | Noticed Pargi
  2271 | Sewer    | Killed Pargi
  2272 | Sewer    | Reached skill level 1 in Air Magic
  2273 | Sewer    | Reached XP level 6. HP: 33/34 MP: 3/17
  2280 | Sewer    | Splashed by a jelly's acid

Illustrated notes

Levels and vault maps discovered:
D:1:      dpeg_arrival_simpleton_c, layout_basic
D:2:      layout_basic, serial_glass, glass_columns_b, glass_columns_b,
          glass_columns_b, glass_columns_a, glass_columns_b, glass_columns_c,
          glass_columns_b, glass_columns_c, ebering_ecumenical_altar_rust,
          nicolae_half_adder, uniq_natasha
D:3:      layout_basic, serial_shops, shop, portal_sewer_entry_f,
          minmay_close_crescents, uniq_jessica
Sewer:    kennysheep_door_sewer

Skill      XL: |  1  2  3  4  5 |
---------------+----------------+-----
Spellcasting   | 5 6 |  6.8
Armour         | 1 |  1.1
Fighting       | 1 |  1.1
Conjurations   | 2 3 |  3.1
Stealth        | 3 |  3.0
Dodging        | 3 |  3.5
Air Magic      | 1 |  1.3
Summonings     | |  1.1
Translocations | |  1.1

Action                     |  1- 3 |  4- 6 || total
---------------------------+-------+-------++-------
  Melee: Broad axe         |    14 |     5 ||    19
         Punch             |     1 |       ||     1
         Spear             |       |     8 ||     8
   Cast: Magic Dart        |    76 |    47 ||   123
         Mephitic Cloud    |     2 |     2 ||     4
   Stab: Confused          |     3 |     1 ||     4
         Sleeping          |     1 |       ||     1
 Armour: Robe              |    11 |     9 ||    20
  Dodge: Dodged            |    12 |     9 ||    21

Table legend: (Time is in decaauts)
 A = Elapsed time spent in this place.
 B = Non-inter-level travel time spent in this place.
 C = Inter-level travel time spent in this place.
 D = Time resting spent in this place.
 E = Time spent auto-exploring this place.
 F = Levels seen in this place.
 G = Mean time per level.
                   A        B        C        D        E       F      G
               +--------+--------+--------+--------+--------+-----+--------+
         Total |   2303 |   2265 |     38 |    206 |   1735 |   4 |  575.8 |
       Dungeon |   2277 |   2239 |     38 |    206 |   1735 |   3 |  759.0 |
         Sewer |     25 |     25 |      0 |      0 |      0 |   1 |   25.0 |
               +--------+--------+--------+--------+--------+-----+--------+

Top non-repeatable levels by time:
     D:1: 1101 daAuts
     D:2: 1063 daAuts
     D:3: 113 daAuts
   Sewer: 25 daAuts
